 Dungeon Crawl Stone Soup version 0.31-a0-1074-g0b22e4e0f1 (webtiles) character file.

Game seed: 7144779361628356553

5 Firecrotchwizard the Chopper (level 1, -1/20 HPs)
             Began as a Hill Orc Monk on Nov 30, 2023.
             Slain by a worm (8 damage)
             ... on level 2 of the Dungeon.
             The game lasted 00:00:23 (114 turns).

Firecrotchwizard the Chopper (Hill Orc Monk)         Turns: 114, Time: 00:00:24

Health: -1/20      AC:  2    Str: 13    XL:     1   Next: 80%
Magic:  1/1        EV: 12    Int: 10    God:
Gold:   0          SH:  0    Dex: 13    Spells: 0/0 levels left

rFire   . . .        a - +0 hand axe
rCold   . . .        d - orb {light}
rNeg    . . .        b - +0 robe
rPois   .            (no helmet)
rElec   .            (no cloak)
rCorr   .            (no gloves)
SInv    .            (no boots)
Will    .....        (no amulet)
Stlth   +            (no ring)
HPRegen 0.23/turn    (no ring)
MPRegen 0.07/turn

%: no passive effects
@: glowing
A: no striking features
a: no special abilities


You were on level 2 of the Dungeon.
You visited 1 branch of the dungeon, and saw 2 of its levels.

Inventory:

Hand Weapons
 a - a +0 hand axe (weapon)
Armour
 b - a +0 robe (worn)
 d - an orb of light (worn)
Potions
 c - a potion of ambrosia
 e - a potion of resistance {unknown}


   Skills:
 + Level 3.8 Fighting
 * Level 4.3 Axes
 - Level 2.4 Dodging


You couldn't memorise any spells.
You didn't know any spells.
Your spell library was empty.

Dungeon Overview and Level Annotations

Branches:
Dungeon (2/15)

Altars:


Message History

Lua error: /dgldir/rcfiles/crawl-git/Firecrotchwizard.rc:334: '' expected near 'end' Welcome, Firecrotchwizard the Hill Orc Monk.
They say the Orb of Zot lies within this dungeon, but they say a lot of things.
Press ? for a list of commands and other information.
Found a staircase leading out of the dungeon.
Found an escape hatch in the floor.
A kobold comes into view. It is wielding a +0 dagger.
You hit the kobold.
The kobold is moderately wounded.
The kobold hits you with a +0 dagger.
You hit the kobold.
The kobold is severely wounded.
The kobold hits you with a +0 dagger.
You hit the kobold.
You kill the kobold!
No target in view!
HP restored.
Things that are here:
a +0 dagger; a kobold corpse A bat comes into view.
Found a stone staircase leading down.
A bat is nearby!
The bat misses you.
You hit the bat but do no damage. The bat hits you.
The bat hits you but does no damage.
You closely miss the bat. The bat hits you but does no damage.
The bat hits you but does no damage. The bat barely misses you.
You closely miss the bat. The bat hits you.
The bat hits you but does no damage. The bat closely misses you.
The bat hits you but does no damage.
You hit the bat.
The bat is heavily wounded.
The bat completely misses you. The bat hits you but does no damage.
The bat hits you but does no damage.
You hit the bat.
You kill the bat!
No target in view!
There is a stone staircase leading down here.
You climb downwards.
The frilled lizard hisses angrily.
There is a stone staircase leading up here.
A frilled lizard is nearby!
You climb upwards.
There is a stone staircase leading down here.
e - a metallic ruby potion No target in view!
Unknown command.
There is a stone staircase leading down here.
You climb downwards.
The frilled lizard barely misses you.
There is a stone staircase leading up here.
A frilled lizard is nearby!
You hit the frilled lizard.
The frilled lizard is heavily wounded.
The frilled lizard barely misses you.
You hit the frilled lizard.
You kill the frilled lizard!
No target in view!
A ball python comes into view.
The ball python hisses angrily.
The ball python misses you. x2
You hit the ball python.
You kill the ball python!
No target in view!
There is a stone staircase leading up here.
Found a stone staircase leading down.
You enter the shallow water.
Moving in this stuff is going to be slow.
A kobold and a worm come into view.
The kobold shouts!
You hit the kobold.
The kobold is moderately wounded.
The kobold barely misses you.
You hit the kobold.
You kill the kobold!
The worm misses you.
There is a stone staircase leading down here.
Things that are here:
a +0 dagger; a kobold corpse You hit the worm but do no damage.
You hit the worm but do no damage. The worm bites you!
Ouch! That really hurt!
* * * LOW HITPOINT WARNING * * *
You hit the worm.
The worm is moderately wounded.
The worm barely misses you.
You hit the worm.
The worm is moderately wounded.
Unknown command.
You hit the worm.
The worm is heavily wounded.
The worm bites you.
* * * LOW HITPOINT WARNING * * *
You hit the worm.
The worm is heavily wounded.
The worm bites you!
You die...

#........
#........ #~≈≈
#....... #~≈≈
#.....# #~≈≈~
#.....# #~≈≈~
#.....#
#~~≈≈~#w....#.#
..
#~≈≈~#@......#
..
#~≈≈~~.#######
#.##~~≈≈~..##
....~≈≈~~..#
...~~≈≈~#.#
#...~≈≈~~.###
##..~~≈≈~...#
#..#~≈≈~##.#
#..##~~~...#


You could see a worm.

Vanquished Creatures
  A ball python (D:2)
  A bat (D:1)
  A frilled lizard (D:2)
  2 kobolds
5 creatures vanquished.

Notes
Turn   | Place    | Note
-------+----------+-------------------------------------------
     0 | D:1      | Firecrotchwizard the Hill Orc Monk began the quest for the
                  | Orb.
     0 | D:1      | Reached XP level 1. HP: 19/19 MP: 1/1
   114 | D:2      | Slain by a worm

Illustrated notes

Levels and vault maps discovered:
D:1:      lemuel_arrival_hallway, layout_basic, serial_glass, glass_columns_a,
          glass_columns_a
D:2:      wander_river, layout_basic, hellmonk_ecumenical_altar_heavens_door

Action                     || total
---------------------------++-------
  Melee: Hand axe          ||    19
 Armour: Robe              ||    14
  Dodge: Dodged            ||    11

Table legend: (Time is in decaauts)
 A = Elapsed time spent in this place.
 B = Non-inter-level travel time spent in this place.
 C = Inter-level travel time spent in this place.
 D = Time resting spent in this place.
 E = Time spent auto-exploring this place.
 F = Levels seen in this place.
 G = Mean time per level.
                   A        B        C        D        E       F      G
               +--------+--------+--------+--------+--------+-----+--------+
         Total |    117 |     91 |     26 |      0 |     47 |   2 |   58.5 |
       Dungeon |    117 |     91 |     26 |      0 |     47 |   2 |   58.5 |
               +--------+--------+--------+--------+--------+-----+--------+

Top non-repeatable levels by time:
     D:1: 78 daAuts
     D:2: 39 daAuts
